 Dungeon Crawl Stone Soup version 0.28-a0-1213-g0243856f03 (webtiles) character file.

Game seed: 8705706137686845781

125 kipponium the Vexing (level 5, -7/40 HPs)
             Began as a Gnoll Arcane Marksman on Dec 21, 2021.
             Killed from afar by an orc wizard (10 damage)
             ... with a puff of flame
             ... on level 3 of the Dungeon.
             The game lasted 00:06:08 (2317 turns).

kipponium the Vexing (Gnoll Arcane Marksman)        Turns: 2317, Time: 00:06:09

Health: -7/40      AC:  4    Str: 17    XL:     5   Next: 9%
Magic:  9/9        EV: 14    Int: 12    God:
Gold:   47         SH:  0    Dex: 19    Spells: 9/10 levels left

rFire   . . .      SeeInvis .   j - +0 short sword (elec)
rCold   . . .      Faith    .   (no shield)
rNeg    . . .      Spirit   .   a - +0 robe
rPois   .          Reflect  .   k - +2 hat
rElec   .          Harm     .   (no cloak)
rCorr   .          Rampage  .   (no gloves)
Will    .....                   (no boots)
Stlth   +.........              (no amulet)
HPRegen 0.13/turn               h - +6 ring of dexterity
MPRegen 0.11/turn               q - +6 ring of strength

@: confused, mighty
A: fangs 1, strong nose, distributed training
a: no special abilities


You were on level 3 of the Dungeon.
You visited 1 branch of the dungeon, and saw 3 of its levels.

You collected 47 gold pieces.

Inventory:

Hand Weapons
 g - a +0 dagger
 j - a +0 short sword of electrocution (weapon)
 r - a +0 hunting sling
Missiles
 d - 119 stones (quivered)
 p - 6 poisoned darts
Armour
 a - a +0 robe (worn)
 k - a +2 hat (worn)
Jewellery
 h - a +6 ring of dexterity (left hand)
 q - a +6 ring of strength (right hand)
Wands
 c - a wand of flame (16)
Scrolls
 i - a scroll of enchant armour {unknown}
 l - 3 scrolls of identify {unknown}
 m - a scroll of magic mapping {unknown}
 n - a scroll of teleportation {unknown}
Potions
 f - a potion of degeneration {unknown}
 o - a potion of might


   Skills:
 + Level 2.9 Fighting
 + Level 1.3 Short Blades
 + Level 1.3 Long Blades
 + Level 1.3 Axes
 + Level 1.3 Maces & Flails
 + Level 1.3 Polearms
 + Level 1.3 Staves
 + Level 1.3 Slings
 + Level 1.3 Bows
 + Level 1.3 Crossbows
 + Level 4.7 Throwing
 + Level 1.3 Armour
 + Level 4.7 Dodging
 + Level 1.3 Stealth
 + Level 1.3 Shields
 + Level 1.3 Unarmed Combat
 + Level 3.1 Spellcasting
 + Level 1.1 Conjurations
 + Level 5.5 Hexes
 + Level 1.1 Summonings
 + Level 1.1 Necromancy
 + Level 1.1 Translocations
 + Level 1.1 Transmutations
 + Level 1.1 Fire Magic
 + Level 1.1 Ice Magic
 + Level 1.1 Air Magic
 + Level 1.1 Earth Magic
 + Level 1.1 Poison Magic
 + Level 1.5 Invocations
 + Level 1.3 Evocations


You had 9 spell levels left.
You knew the following spells:

 Your Spells              Type           Power      Damage    Failure   Level
a - Slow                  Hex            60%        N/A       2%          1

Your spell library contained the following spells:

 Spells                   Type           Power      Damage    Failure   Level
 Inner Flame              Hex/Fire       9%         N/A       19%         3
 Portal Projectile        Hex/Tloc       18%        N/A       19%         3
 Cause Fear               Hex            7%         N/A       26%         4


Dungeon Overview and Level Annotations

Branches:
Dungeon (3/15)

Altars:


Innate Abilities, Weirdness & Mutations

You have very sharp teeth.
Your uncanny sense of smell can sniff out nearby items.
Your experience applies equally to all skills.


Message History

You closely miss the orc wizard.
You bite the orc wizard, but do no damage.
The orc wizard is severely wounded.
Something hits you. The orc wizard barely misses you.
You hit the orc wizard but do no damage.
The orc wizard is severely wounded.
Something hits you.
The orc wizard hits you with a +0 dagger.
You hit the orc wizard but do no damage.
The orc wizard is severely wounded.
Something barely misses you. The orc wizard barely misses you.
You hit the orc wizard.
You bite the orc wizard, but do no damage.
The orc wizard is severely wounded.
You hear some strange, mumbled words.
You are confused.
The orc wizard casts a spell at you. The magic dart hits you.
* * * LOW HITPOINT WARNING * * *
It was a potion of might.
You feel very mighty all of a sudden. Something hits you.
* * * LOW HITPOINT WARNING * * *
The orc wizard barely misses you.
You closely miss the orc wizard.
The orc wizard is severely wounded.
Something hits you.
* * * LOW HITPOINT WARNING * * *
The orc wizard hits you with a +0 dagger.
* * * LOW HITPOINT WARNING * * *
You bump into the rock wall.
Something hits you.
* * * LOW HITPOINT WARNING * * *
The orc wizard casts a spell.
The orc wizard flickers and vanishes!
It was a potion of magic.
Magic courses through your body. Something hits you but does no damage.
You hear some strange, mumbled words.
A puff of flame appears from out of thin air!
The puff of flame hits you!
You die...

#...............#######
#........>.....).......
#########+####.######..
#...# #.###..†#
#.......#∆ ######.^#
###..# #@{..# ∆
#{#........
#####o#####....
#.[...)........
#..........####
#..........(.
#............
#....(.(.....
#......(.....


You could see an orc.

Vanquished Creatures
  An orc priest (D:3)
  Ijyb (D:3)
  2 adders
  2 dart slugs
  5 ball pythons
  4 bats (D:2)
  7 endoplasms
  5 giant cockroaches
  6 goblins
  3 hobgoblins
  4 kobolds (D:1)
  3 quokkas
  A frilled lizard (D:1)
  2 rats
46 creatures vanquished.

Notes
Turn   | Place    | Note
-------+----------+-------------------------------------------
     0 | D:1      | kipponium the Gnoll Arcane Marksman began the quest for the
                  | Orb.
     0 | D:1      | Reached XP level 1. HP: 17/17 MP: 4/4
    83 | D:1      | Found a faded altar of an unknown god.
   168 | D:1      | Reached XP level 2. HP: 23/23 MP: 5/5
  1060 | D:1      | Reached XP level 3. HP: 27/28 MP: 7/7
  1605 | D:2      | Reached skill level 1 in Invocations
  1876 | D:2      | Reached skill level 1 in Short Blades
  1876 | D:2      | Reached skill level 1 in Long Blades
  1876 | D:2      | Reached skill level 1 in Axes
  1876 | D:2      | Reached skill level 1 in Maces & Flails
  1876 | D:2      | Reached skill level 1 in Polearms
  1876 | D:2      | Reached skill level 1 in Staves
  1876 | D:2      | Reached skill level 1 in Slings
  1876 | D:2      | Reached skill level 1 in Bows
  1876 | D:2      | Reached skill level 1 in Crossbows
  1876 | D:2      | Reached skill level 1 in Armour
  1876 | D:2      | Reached skill level 1 in Stealth
  1876 | D:2      | Reached skill level 1 in Shields
  1876 | D:2      | Reached skill level 1 in Unarmed Combat
  1876 | D:2      | Reached skill level 1 in Evocations
  2102 | D:2      | Reached XP level 4. HP: 34/34 MP: 8/8
  2212 | D:3      | Noticed Ijyb
  2221 | D:3      | Killed Ijyb
  2280 | D:3      | Reached skill level 1 in Conjurations
  2280 | D:3      | Reached skill level 1 in Summonings
  2280 | D:3      | Reached skill level 1 in Necromancy
  2280 | D:3      | Reached skill level 1 in Translocations
  2280 | D:3      | Reached skill level 1 in Transmutations
  2280 | D:3      | Reached skill level 1 in Fire Magic
  2280 | D:3      | Reached skill level 1 in Ice Magic
  2280 | D:3      | Reached skill level 1 in Air Magic
  2280 | D:3      | Reached skill level 1 in Earth Magic
  2280 | D:3      | Reached skill level 1 in Poison Magic
  2303 | D:3      | Reached XP level 5. HP: 26/40 MP: 9/9
  2317 | D:3      | Killed from afar by an orc wizard

Illustrated notes

Levels and vault maps discovered:
D:1:      minmay_arrival_shattered_statue, layout_loops_ring,
          shapermc_ecumenical_altar_ellora, st_stairs_2
D:2:      layout_loops_cross
D:3:      layout_basic, uniq_ijyb, uniq_jessica

Skill      XL: |  1  2  3  4 |
---------------+-------------+-----
Invocations    | 1 |  1.5
Short Blades   | 1 |  1.3
Long Blades    | 1 |  1.3
Axes           | 1 |  1.3
Maces & Flails | 1 |  1.3
Polearms       | 1 |  1.3
Staves         | 1 |  1.3
Slings         | 1 |  1.3
Bows           | 1 |  1.3
Crossbows      | 1 |  1.3
Armour         | 1 |  1.3
Stealth        | 1 |  1.3
Shields        | 1 |  1.3
Unarmed Combat | 1 |  1.3
Evocations     | 1 |  1.3
Spellcasting   | 3 |  3.1
Conjurations   | 1 |  1.1
Summonings     | 1 |  1.1
Necromancy     | 1 |  1.1
Translocations | 1 |  1.1
Transmutations | 1 |  1.1
Fire Magic     | 1 |  1.1
Ice Magic      | 1 |  1.1
Air Magic      | 1 |  1.1
Earth Magic    | 1 |  1.1
Poison Magic   | 1 |  1.1
Fighting       | |  2.9
Throwing       | |  4.7
Dodging        | |  4.7
Hexes          | |  5.5

Action                   |  1- 3 |  4- 6 || total
-------------------------+-------+-------++-------
Melee: Unarmed           |     9 |       ||     9
       Dagger            |    56 |       ||    56
       Short sword       |    68 |    20 ||    88
       Bite              |     8 |     5 ||    13
       Punch             |     1 |       ||     1
Throw: Javelin           |     7 |     5 ||    12
       Throwing net      |     3 |     1 ||     4
 Cast: Slow              |     1 |       ||     1
  Use: Potion            |       |     2 ||     2
 Stab: Sleeping          |     8 |       ||     8
       Held in net/web   |     2 |     3 ||     5
Armor: Robe              |    27 |     7 ||    34
Dodge: Dodged            |    74 |    16 ||    90

Table legend: (Time is in decaauts)
 A = Elapsed time spent in this place.
 B = Non-inter-level travel time spent in this place.
 C = Inter-level travel time spent in this place.
 D = Time resting spent in this place.
 E = Time spent auto-exploring this place.
 F = Levels seen in this place.
 G = Mean time per level.
                   A        B        C        D        E       F      G
               +--------+--------+--------+--------+--------+-----+--------+
         Total |   2320 |   2270 |     50 |    582 |   1154 |   3 |  773.3 |
       Dungeon |   2320 |   2270 |     50 |    582 |   1154 |   3 |  773.3 |
               +--------+--------+--------+--------+--------+-----+--------+

Top non-repeatable levels by time:
     D:1: 1300 daAuts
     D:2: 913 daAuts
     D:3: 106 daAuts
